 Dungeon Crawl Stone Soup version 0.26.1-11-gd32895ea62 (webtiles) character file.

Game seed: 10709434258044266156

6598 Zeld the Transmogrifier (level 11, -5/74 HPs)
             Began as an Octopode Transmuter on June 1, 2021.
             Was an Initiate of Gozag.
             Slain by a komodo dragon (17 damage)
             ... on level 8 of the Dungeon.
             The game lasted 00:22:31 (20773 turns).

Zeld the Transmogrifier (Octopode Transmuter)      Turns: 20773, Time: 00:22:32

Health: -5/74      AC:  1    Str: 14    XL:     11   Next: 2%
Magic:  17/22      EV: 16    Int: 15    God:    Gozag
Gold:   182        SH:  0    Dex: 12    Spells: 10/25 levels left

rFire    . . .     SeeInvis .     - Unarmed
rCold    . . .     Faith    .   (shield currently unavailable)
rNeg     . . .     Spirit   .   (helmet restricted)
rPois    .         Reflect  .   (no amulet)
rElec    .         Harm     .   (no ring)
rCorr    .         Rampage  .   (no ring)
Will     .....                  (no ring)
Stlth    ++........             (no ring)
HPRegen  0.22/turn              (no ring)
MPRegen  0.18/turn              (no ring)
                                (no ring)
                                (no ring)

@: about to teleport, blade tentacles
A: almost no armour, stealthy swim, amphibious, 8 rings, constrict 8, camouflage
1, screaming 1, gelatinous body 1
a: End Transformation, Renounce Religion, Potion Petition, Call Merchant, Bribe
Branch


You were on level 8 of the Dungeon.
You worshipped Gozag.
Gozag was aware of your devotion.
You had blades for tentacles.
You visited 3 branches of the dungeon, and saw 11 of its levels.

You collected 1223 gold pieces.
You spent 359 gold pieces at shops.
You paid 682 gold pieces to Gozag.

Inventory:

Wands
 a - a wand of disintegration (4)
 d - a wand of random effects (14)
 j - a wand of flame (14)
 l - a wand of iceblast (21)
Scrolls
 c - 3 scrolls of amnesia
 h - 2 scrolls of fog
 i - 2 scrolls of teleportation
 k - a scroll of identify
 m - 2 scrolls of remove curse
 n - 2 scrolls of magic mapping
 p - 2 scrolls of blinking
 q - a scroll of torment {unknown}
 w - a scroll of silence {unknown}
Potions
 b - a potion of flight {unknown}
 e - 6 potions of curing
 f - 4 potions of brilliance {unknown}
 g - 2 potions of invisibility {unknown}
 o - 2 potions of heal wounds {unknown}
 u - a potion of resistance {unknown}
 v - a potion of mutation {unknown}
 x - a potion of haste
 z - 2 potions of berserk rage {unknown}


   Skills:
 + Level 6.8 Fighting
 + Level 6.9 Dodging
 - Level 3.0 Unarmed Combat
 + Level 7.6 Spellcasting
 * Level 9.7 Transmutations
 + Level 5.2 Evocations


You had 10 spell levels left.
You knew the following spells:

 Your Spells              Type           Power        Failure   Level
a - Beastly Appendage     Tmut           68%          9%          1
b - Wereblood             Tmut           34%          11%         2
c - Spider Form           Tmut/Pois      10%          32%         3
d - Ice Form              Ice/Tmut       20%          58%         4
e - Blade Hands           Tmut           17%          36%         5

Your spell library contained the following spells:

 Spells                   Type           Power        Failure   Level
 Shock                    Conj/Air       20%          50%         1
 Swiftness                Air            5%           61%         2
 Static Discharge         Conj/Air       5%           78%         3
 Airstrike                Air            2%           97%         4
 Lightning Bolt           Conj/Air       2%           100%        5


Dungeon Overview and Level Annotations

Branches:
Dungeon (9/15)             Temple (1/1) D:5            Lair (1/6) D:8
    Orc: D:9-12

Altars:
Ashenzari
Cheibriados
Dithmenos
Elyvilon
Fedhas
Gozag
Hepliaklqana
Kikubaaqudgha
Makhleb
Nemelex Xobeh
Okawaru
Qazlal
Ru
Sif Muna
Trog
Uskayaw
Vehumet
Wu Jian
Xom
Yredelemnul
Zin
The Shining One

Shops:
D:8 *   D:9 *(

Annotations:
D:8 exclusion: ice statue
D:9 Grum


Innate Abilities, Weirdness & Mutations

You cannot wear most types of armour.
You are very stealthy in the water. (Stealth+)
You are amphibious.
You can wear up to eight rings at the same time.
You can use your tentacles to constrict eight enemies at once.
Your skin changes colour to match your surroundings (Stealth+).
Your rubbery body absorbs attacks. (AC +1, EV +1)
You occasionally shout uncontrollably at your foes.


Message History

Level annotation: exclusion: ice statue
There is a staircase to the Lair here.
Casting: Spider Form (dangerous; 4% risk of failure)
Confirm with . or Enter, or press ? or * to list all spells.
Your tentacles turn into razor-sharp scythe blades.
The komodo dragon barely misses you. The komodo dragon bites you!!
* * * LOW HITPOINT WARNING * * *
Unknown command.
As you read the scroll of teleportation, it crumbles to dust.
You feel strangely unstable. The komodo dragon barely misses you.
You hit the komodo dragon.
The komodo dragon is lightly wounded.
The komodo dragon bites you.
* * * LOW HITPOINT WARNING * * *
You barely miss the komodo dragon.
The komodo dragon is lightly wounded.
The komodo dragon bites you!
You die...
Your body crumbles into a pile of gold.

##..............#.###.......#.[..
.#..............#...'.......#.>.8
.#...)..........P...#.......#....
.#....................).....##8..
'#.........P.................##..
..##'#####.......P....####'#####'
..'...'......P.............)...?.
..#...#.......####..P............
..#...#....P..#.@#...P.......[...
..#...#...P...#.l#...............
..#...#.......#'##.P....∩........
..######...P......P.P..###..#####
......##...........P.....#..###..
......#......P...P.......#....#..
......#..................#....#..
.....(#.....#.....P......#....#..
......#.....'............#....#..


You could see a komodo dragon.

Vanquished Creatures
  2 two-headed ogres (D:8)
  2 ice devils (D:8)
  A polar bear (D:8)
  3 blink frogs
  Grinder (D:4)
  Sigmund (D:3)
  2 yaks
  A basilisk (Lair:1)
  2 water moccasins (D:8)
  4 orc warriors
  An eye of draining (D:8)
  2 ice beasts
  An ogre (D:4)
  2 phantoms
  2 wolves
  2 centaurs
  2 big kobolds
  3 bullfrogs (D:8)
  A wyvern zombie (D:9)
  2 scorpions
  4 wights (D:7)
  A howler monkey (D:6)
  2 quasits (D:8)
  2 bullfrog zombies
  2 centaur skeletons
  2 hounds
  5 orc wizards
  5 orc priests
  Crazy Yiuf (D:2)
  A jelly (D:6)
  Ijyb (D:5)
  2 iguanas
  11 worker ants
  A hound skeleton (D:7)
  8 adders
  2 shadow imps
  2 ufetubi
  3 oozes
  An adder zombie (D:6)
  An adder skeleton (D:7)
  2 worms (D:2)
  A dart slug (D:3)
  6 leopard geckos
  30 orcs
  8 giant cockroaches
  6 hobgoblins
  16 kobolds
  3 quokkas
  9 bats
  A frilled lizard (D:4)
  11 goblins
  A leopard gecko skeleton (D:6)
  A quokka zombie (D:5)
  5 rats
194 creatures vanquished.

Vanquished Creatures (others)
  A bullfrog skeleton (D:5)
  16 fungi
  30 plants
47 creatures vanquished.

Grand Total: 241 creatures vanquished

Notes
Turn   | Place    | Note
-------+----------+-------------------------------------------
     0 | D:1      | Zeld the Octopode Transmuter began the quest for the Orb.
     0 | D:1      | Reached XP level 1. HP: 13/13 MP: 3/3
   192 | D:1      | Reached XP level 2. HP: 13/18 MP: 3/5
   195 | D:1      | Learned a level 2 spell: Wereblood
   826 | D:1      | Reached XP level 3. HP: 23/23 MP: 4/6
   830 | D:1      | Learned a level 3 spell: Spider Form
  1822 | D:2      | Reached XP level 4. HP: 29/29 MP: 6/8
  1961 | D:2      | Found a runed translucent door.
  1962 | D:2      | Noticed Crazy Yiuf
  2347 | D:2      | Killed Crazy Yiuf
  2348 | D:2      | Reached skill level 3 in Transmutations
  2960 | D:3      | Noticed Sigmund
  2975 | D:3      | Killed Sigmund
  2976 | D:3      | Reached XP level 5. HP: 35/35 MP: 6/10
  2976 | D:3      | Reached XP level 6. HP: 41/41 MP: 6/11
  3217 | D:3      | Learned a level 4 spell: Ice Form
  3231 | D:3      | Reached skill level 4 in Transmutations
  3326 | D:3      | Found a faded altar of an unknown god.
  3843 | D:4      | Noticed a phantom
  3844 | D:4      | Noticed Grinder
  4347 | D:3      | Killed a phantom
  4348 | D:3      | Reached XP level 7. HP: 45/45 MP: 5/13
  5750 | D:4      | Killed Grinder
  5751 | D:4      | Reached skill level 5 in Transmutations
  6199 | D:4      | Reached skill level 5 in Spellcasting
  6334 | D:5      | Entered Level 5 of the Dungeon
  6334 | D:5      | Found a staircase to the Ecumenical Temple.
  6346 | D:5      | Reached XP level 8. HP: 50/52 MP: 11/15
  6358 | D:5      | Learned a level 5 spell: Blade Hands
  6360 | Temple   | Entered the Ecumenical Temple
  6454 | Temple   | Became a worshipper of Gozag Ym Sagoz the Greedy
  6669 | D:5      | Gained mutation: You occasionally shout uncontrollably at
                  | your foes. [mutagenic glow]
  6854 | D:5      | Noticed Ijyb
  6871 | D:5      | Killed Ijyb
  7731 | D:5      | Reached skill level 6 in Transmutations
 10223 | D:6      | Reached skill level 1 in Evocations
 10223 | D:6      | Reached XP level 9. HP: 25/59 MP: 13/18
 11157 | D:6      | Reached skill level 5 in Dodging
 11509 | D:7      | Reached skill level 7 in Transmutations
 11679 | D:7      | Reached skill level 5 in Fighting
 11811 | D:7      | Found an ornate altar of the Wu Jian Council.
 11811 | D:7      | Found an ancient bone altar of Kikubaaqudgha.
 12024 | D:7      | Found a burning altar of Makhleb.
 12098 | D:7      | Found a blossoming altar of Fedhas.
 12127 | D:7      | HP: 3/61 [centaur skeleton (3)]
 13051 | D:8      | Noticed a two-headed ogre
 13155 | D:8      | Noticed a two-headed ogre
 14196 | D:8      | Killed a two-headed ogre
 14197 | D:8      | Reached skill level 8 in Transmutations
 14207 | D:8      | Killed a two-headed ogre
 14208 | D:8      | Reached XP level 10. HP: 68/68 MP: 20/20
 14221 | D:8      | Bought a scroll of identify for 30 gold pieces
 14221 | D:8      | Bought a scroll of identify for 30 gold pieces
 14221 | D:8      | Bought a scroll of enchant weapon for 112 gold pieces
 15682 | D:8      | Noticed an ice statue
 16249 | D:8      | Bought a scroll of blinking for 112 gold pieces
 16249 | D:8      | Bought a potion of curing for 45 gold pieces
 16286 | D:8      | Found a staircase to the Lair.
 16593 | D:8      | Reached skill level 9 in Transmutations
 17376 | D:9      | Found Yrangu Ynaawk's General Store.
 17524 | D:9      | Bought a scroll of identify for 30 gold pieces
 17568 | D:9      | Found Epilohano's Antique Weapon Boutique.
 19528 | D:8      | Found Teperonoat's General Store.
 19567 | D:8      | Found a staircase to the Lair.
 19732 | D:9      | Noticed Grum
 19785 | Lair:1   | Entered Level 1 of the Lair of Beasts
 19798 | D:8      | Reached skill level 5 in Evocations
 20701 | Lair:1   | Reached XP level 11. HP: 59/74 MP: 17/22
 20773 | D:8      | Slain by a komodo dragon

Illustrated notes

Levels and vault maps discovered:
D:1:      heliophobic_arrival_dark_side_of_the_moon, layout_loops_ring,
          serial_forest, infiniplex_forest_lined_3,
          infiniplex_forest_lined_ring, infiniplex_forest_lined_ring,
          infiniplex_forest_corner_1, infiniplex_forest_clump_double,
          minmay_surrounded
D:2:      layout_loops_ring, hex_large, uniq_crazy_yiuf_cottage
D:3:      layout_loops_corners, chequers_ecumenical_altar_simple, uniq_sigmund
D:4:      layout_basic, uniq_grinder
D:5:      layout_basic, minmay_temple_entry_trees, lexackson_kobold_supper,
          uniq_ijyb
D:6:      layout_cave_pools
D:7:      layout_gridville, fedhas_altar_3, makhleb_heckhound_becter,
          gammafunk_temple_overflow_statue
D:8:      cheibrodos_frozen_isle, layout_gridville,
          grunt_lair_entry_orc_guard_hut, grunt_ministairs_7
D:9:      layout_grid_maze, serial_ice, serial_ice_m, serial_ice_n,
          serial_ice_d, serial_ice_o, serial_ice_j, serial_ice_a, serial_ice_g,
          serial_shops, shop, nicolae_shop_window_shopping, shop_statue,
          nicolae_shop_behind_doors, kennysheep_generic_room_9, uniq_grum
Temple:   hc_temple_tempest_star
Lair:1:   dpeg_oklob_gauntlet, layout_long_grid

Skill      XL: |  1  2  3  4  5  6  7  8  9 10 |
---------------+-------------------------------+-----
Spellcasting   | 3 4 5 6 7 |  7.6
Transmutations | 3 4 5 6 8 9 |  9.7
Fighting       | 2 3 4 5 6 |  6.8
Dodging        | 3 4 6 |  6.9
Evocations     | 1 3 5 |  5.2
Unarmed Combat | |  3.0

Action                   |  1- 3 |  4- 6 |  7- 9 | 10-12 || total
-------------------------+-------+-------+-------+-------++-------
Melee: Unarmed           |    76 |    61 |   307 |   141 ||   585
       Constrict         |    26 |     9 |    38 |    19 ||    92
       Kick              |    15 |     7 |    25 |       ||    47
       Tentacles         |    11 |     4 |    29 |    18 ||    62
       Punch             |     1 |       |     4 |     6 ||    11
 Cast: Beastly Appendage |    25 |    13 |    17 |       ||    55
       Spider Form       |       |     4 |    13 |     3 ||    20
       Ice Form          |       |     1 |     1 |       ||     2
       Wereblood         |       |       |     2 |     2 ||     4
       Blade Hands       |       |       |    21 |    29 ||    50
Invok: Call Merchant     |       |       |       |     1 ||     1
Evoke: Wand              |       |       |    16 |       ||    16
  Use: Scroll            |       |       |     1 |    10 ||    11
 Stab: Sleeping          |     4 |     4 |     2 |       ||    10
       Distracted        |     1 |       |       |       ||     1
Armor: Skin              |    12 |     2 |    14 |     5 ||    33
Dodge: Dodged            |    59 |    41 |   281 |   171 ||   552
